 Dungeon Crawl Stone Soup version 0.26-a0-812-g31a745ddcd (webtiles) character file.

Game seed: 10895826179159147284

263 tsouns the Sneak (level 5, -1/35 HPs)
             Began as a Vampire Enchanter on Dec 9, 2020.
             Killed by nerve-wracking pain
             ... invoked by an orc priest
              (11 damage)
             ... on level 3 of the Dungeon.
             The game lasted 00:08:54 (3560 turns).

tsouns the Sneak (Vampire Enchanter)                Turns: 3560, Time: 00:08:55

Health: -1/35      AC:  3    Str:  7    XL:     5   Next: 98%
Magic:  4/9        EV: 13    Int: 19    God:
Gold:   198        SH:  0    Dex: 20    Spells: 1/10 levels left

rFire    . . .     SeeInvis +   m - +0 short sword (curse)
rCold    . . .     Faith    .   (no shield)
rNeg     . . .     Spirit   .   b - +0 robe
rPois    .         Reflect  .   (no helmet)
rElec    .         Harm     .   k - +0 cloak
rCorr    .         Rampage  .   (no gloves)
MR       .....                  (no boots)
Stlth    ++++......             (no amulet)
HPRegen  0.31/turn              h - +6 ring of dexterity
MPRegen  0.11/turn              (no ring)

@: confusing touch, regenerating quickly
A: fangs 3, see invisible, unbreathing
a: Exsanguinate


You were on level 3 of the Dungeon.
You visited 1 branch of the dungeon, and saw 3 of its levels.

You collected 198 gold pieces.

Inventory:

Hand Weapons
 a - a +1 dagger
 m - a cursed +0 short sword (weapon)
Missiles
 i - 7 poisoned darts (quivered)
Armour
 b - a +0 robe (worn)
 k - a +0 cloak (worn)
Jewellery
 h - a +6 ring of dexterity (left hand)
 n - an uncursed ring of ice
Wands
 o - a wand of digging (5)
Scrolls
 c - a scroll of enchant armour {unknown}
 d - a scroll of fear {unknown}
 g - 9 scrolls of identify {unknown}
 j - 3 scrolls of remove curse {unknown}
 l - 2 scrolls of enchant weapon {unknown}
 p - a scroll of noise {unknown}
 r - a scroll of teleportation {unknown}
 u - a scroll of random uselessness {unknown}
Potions
 e - 2 potions of brilliance {unknown}
 f - 2 potions of heal wounds
 q - 2 potions of cancellation {unknown}
 s - a potion of flight {unknown}
 t - a potion of haste {unknown}


   Skills:
 + Level 3.3 Short Blades
 - Level 2.1 Dodging
 + Level 6.5 Stealth
 + Level 3.3 Spellcasting
 + Level 6.1 Hexes


You had one spell level left.
You knew the following spells:

 Your Spells              Type           Power        Failure   Level
a - Corona                Hex            ####...      1%          1
b - Confusing Touch       Hex            ####....     3%          3
c - Ensorcelled Hibernat  Hex/Ice        ##....       6%          2
d - Tukima's Dance        Hex            ####....     3%          3

Your spell library contained the following spells:

 Spells                   Type           Power        Failure   Level
 Dazzling Flash           Conj/Hex       ##....       13%         3


Dungeon Overview and Level Annotations

Branches:
Dungeon (3/15)

Altars:
Fedhas


Innate Abilities, Weirdness & Mutations

Your natural rate of healing is unusually fast.
You have razor-sharp teeth.
You have supernaturally acute eyesight. (SInv)
You can survive without breathing.


Message History

Your hands begin to glow red.
The orc priest calls down the wrath of Beogh upon you.
Beogh smites you!
The orc shouts!
Unknown command.
You hit the orc priest but do no damage.
The orc priest is moderately wounded.
The orc throws a boomerang.
The boomerang closely misses you.
The weapon returns to the orc!
The orc priest calls down the wrath of Beogh upon you.
Pain shoots through your body!
* * * LOW HITPOINT WARNING * * *
You hit the orc priest but do no damage.
The orc priest is moderately wounded.
The orc throws a boomerang.
The boomerang hits you but does no damage.
The weapon returns to the orc!
The orc priest mumbles some strange prayers to Beogh against you.
Pain shoots through your body!
You die...

###.#.......#.##..##).........<##
....#.###.###.##..#.....##.......
.###...##..##.##..#........######
.###..).##.##.##..#........###
.#...#...#..#................#
......#).)#.###..).#########.#
##...<....#..##.........#....#
######.#.##.....o..###.#.####
####....#.##..##@...###.#.#
..†.....#.##..##.#.#.o..#.#
...######[##.......#'####.####
####..(.#)####.#.##..........#
.)†.....#[####....'..........#
...####.#[#...#..##..........#
####....#.#.#.#..#...........#
........#.#.#....#...........#
...######[#.#................#


You could see an orc priest and an orc.

Vanquished Creatures
  2 orc wizards (D:3)
  Natasha (D:2)
  4 adders
  4 oozes
  An adder zombie (D:3)
  2 worms
  5 dart slugs
  4 leopard geckos
  7 orcs (D:3)
  A ball python (D:2)
  12 bats
  8 giant cockroaches
  6 goblins
  4 hobgoblins
  18 jackals
  A quokka (D:3)
  5 frilled lizards
  8 kobolds
  7 rats
100 creatures vanquished.

Vanquished Creatures (collateral kills)
  2 orcs (D:3)
2 creatures vanquished.

Grand Total: 102 creatures vanquished

Notes
Turn   | Place    | Note
-------+----------+-------------------------------------------
     0 | D:1      | tsouns the Vampire Enchanter began the quest for the Orb.
     0 | D:1      | Reached XP level 1. HP: 13/13 MP: 3/3
    57 | D:1      | Reached XP level 2. HP: 12/19 MP: 5/5
   279 | D:1      | Reached skill level 5 in Stealth
   286 | D:1      | Reached XP level 3. HP: 24/24 MP: 6/6
   365 | D:1      | Learned a level 3 spell: Confusing Touch
   368 | D:1      | Learned a level 2 spell: Ensorcelled Hibernation
   732 | D:1      | Reached skill level 5 in Hexes
  1234 | D:2      | Reached XP level 4. HP: 30/30 MP: 7/7
  1445 | D:2      | Found a blossoming altar of Fedhas.
  2191 | D:2      | Noticed Natasha
  2216 | D:2      | Killed Natasha
  2511 | D:3      | Reached XP level 5. HP: 35/35 MP: 3/9
  3407 | D:3      | Learned a level 3 spell: Tukima's Dance
  3560 | D:3      | Killed from afar by an orc priest

Illustrated notes

Levels and vault maps discovered:
D:1:      mushboom_english_gardens, layout_loops_ring, minmay_hexomino_f4
D:2:      minmay_chambers_of_twos, layout_basic, fedhas_altar_4, uniq_natasha
D:3:      minmay_angry_zag, layout_basic

Skill      XL: |  1  2  3  4  5 |
---------------+----------------+-----
Stealth        | 5 6 |  6.5
Short Blades   | 2 3 |  3.3
Hexes          | 5 6 |  6.1
Spellcasting   | 3 |  3.3
Dodging        | |  2.1

Action                   |  1- 3 |  4- 6 || total
-------------------------+-------+-------++-------
Melee: Dagger            |   175 |    18 ||   193
       Bite              |    13 |    15 ||    28
       Short sword       |       |   155 ||   155
 Cast: Ensorcelled Hiber |    14 |    35 ||    49
       Corona            |     1 |     2 ||     3
       Tukima's Dance    |       |     3 ||     3
       Confusing Touch   |       |     2 ||     2
  Use: Potion            |       |     2 ||     2
 Stab: Sleeping          |    18 |    30 ||    48
       Confused          |       |     1 ||     1
Armor: Robe              |    49 |    35 ||    84
Dodge: Dodged            |   125 |   120 ||   245

Table legend: (Time is in decaauts)
 A = Elapsed time spent in this place.
 B = Non-inter-level travel time spent in this place.
 C = Inter-level travel time spent in this place.
 D = Time resting spent in this place.
 E = Time spent auto-exploring this place.
 F = Levels seen in this place.
 G = Mean time per level.
                   A        B        C        D        E       F      G
               +--------+--------+--------+--------+--------+-----+--------+
         Total |   3537 |   3443 |     94 |    331 |   2165 |   3 | 1179.0 |
       Dungeon |   3537 |   3443 |     94 |    331 |   2165 |   3 | 1179.0 |
               +--------+--------+--------+--------+--------+-----+--------+

Top non-repeatable levels by time:
     D:2: 1465 daAuts
     D:3: 1078 daAuts
     D:1: 992 daAuts
